TOP OF THE 1ST |
---|
Scottsdale Scorpions batting - Pitching for Detroit Dirty Snow : RHP Fernando Barrón | Pitching: RHP Fernando Barrón | | Batting: LHB Ernesto Hernández | 0-0: Called Strike 0-1: Ball 1-1: Foul Ball, location: 2F 1-2: Ball 2-2: Strikes out swinging | Batting: RHB Edgardo Gonzáles | 0-0: Ball 1-0: Called Strike 1-1: Ball 2-1: Ball 3-1: Fly out, F8 (Flyball, 8LXD) | Batting: LHB Pedro Díaz | 0-0: Fly out, F9 (Flyball, 9LD) | Top of the 1st over - 0 runs, 0 hits, 0 errors, 0 left on base; Scottsdale 0 - Detroit 0 | BOTTOM OF THE 1ST |
---|
Detroit Dirty Snow batting - Pitching for Scottsdale Scorpions : RHP John Robinson | Pitching: RHP John Robinson | | Batting: RHB Carlos Salas | 0-0: Called Strike 0-1: Swinging Strike 0-2: Ball 1-2: Ball 2-2: Ball 3-2: Foul Ball, location: 2F 3-2: Foul Ball, location: 2F 3-2: Base on Balls | Batting: LHB Francisco Medina | 0-0: Fielders Choice at 2nd, 1-6 (Groundball, P) | Batting: RHB Guo-liang Lian | 0-0: Ball 1-0: SINGLE (Line Drive, 8LS) Francisco Medina to second | Batting: LHB Luis Salazar | 0-0: Fly out, F7 (Flyball, 7D) Runner from 2nd tags up, SAFE at 3rd, no throw | Batting: RHB Paul Liddle | 0-0: Called Strike 0-1: Foul Ball, location: 2F 0-2: Ball 1-2: Foul Ball, location: 2F 1-2: Strikes out looking | Bottom of the 1st over - 0 runs, 1 hit, 0 errors, 2 left on base; Scottsdale 0 - Detroit 0 | TOP OF THE 2ND |
---|
Scottsdale Scorpions batting - Pitching for Detroit Dirty Snow : RHP Fernando Barrón | Batting: SHB Arnold Moore | 0-0: Ball 1-0: Called Strike 1-1: Swinging Strike 1-2: Strikes out swinging | Batting: RHB Steve Boyer | 0-0: Foul Ball, location: 2F 0-1: Ball 1-1: Ground out 4-3 (Groundball, 4) | Batting: LHB Tony Ayala | 0-0: Foul Ball, location: 2F 0-1: Called Strike 0-2: Fly out, F9 (Flyball, 9S) | Top of the 2nd over - 0 runs, 0 hits, 0 errors, 0 left on base; Scottsdale 0 - Detroit 0 | BOTTOM OF THE 2ND |
---|
Detroit Dirty Snow batting - Pitching for Scottsdale Scorpions : RHP John Robinson | Batting: RHB Kelsey Scott | 0-0: Ball 1-0: Called Strike 1-1: Called Strike 1-2: Ball 2-2: Strikes out swinging | Batting: RHB António Aguilera | 0-0: Ball 1-0: Foul Ball, location: 2F 1-1: Ball 2-1: DOUBLE (Line Drive, 9LS) | Batting: RHB Manuel Flores | 0-0: Ball 1-0: Called Strike 1-1: Ball 2-1: Ball 3-1: Foul Ball, location: 2F 3-2: Foul Ball, location: 2F 3-2: SINGLE (Groundball, 4M) (infield hit) António Aguilera to third | Batting: RHB Albert Cortéz | 0-0: Foul Ball, location: 2F 0-1: Called Strike 0-2: Ball 1-2: Strikes out looking | Batting: RHB Carlos Salas | 0-0: Ball 1-0: Called Strike 1-1: Swinging Strike 1-2: Ball 2-2: SINGLE (Groundball, 56D) António Aguilera scores Manuel Flores to second | Batting: LHB Francisco Medina | 0-0: TRIPLE (Flyball, 8RXD) Manuel Flores scores Carlos Salas scores | Batting: RHB Guo-liang Lian | 0-0: Called Strike 0-1: Foul Ball, location: 2F 0-2: Strikes out swinging | Bottom of the 2nd over - 3 runs, 4 hits, 0 errors, 1 left on base; Scottsdale 0 - Detroit 3 | TOP OF THE 3RD |
---|
Scottsdale Scorpions batting - Pitching for Detroit Dirty Snow : RHP Fernando Barrón | Batting: RHB Ronald Smith | 0-0: Ground out 6-3 (Groundball, 6) | Batting: RHB Matt Dickson | 0-0: Called Strike 0-1: Swinging Strike 0-2: Ball 1-2: Ball 2-2: Foul Ball, location: 2F 2-2: Ball 3-2: Foul Ball, location: 2F 3-2: Foul Ball, location: 2F 3-2: Base on Balls | Batting: RHB Bob Jones | 0-0: Foul Ball, location: 2F 0-1: Swinging Strike 0-2: Foul Ball, location: 2F 0-2: Strikes out swinging | Batting: LHB Ernesto Hernández | 0-0: Swinging Strike 0-1: Ball 1-1: Ball 2-1: Ball 3-1: Base on Balls Matt Dickson to second | Batting: RHB Edgardo Gonzáles | 0-0: Ball 1-0: Called Strike 1-1: Ball 2-1: Foul Ball, location: 2F 2-2: Ball 3-2: Base on Balls Matt Dickson to third Ernesto Hernández to second | Batting: LHB Pedro Díaz | 0-0: Ball 1-0: Foul Ball, location: 2F 1-1: Ball 2-1: Foul Ball, location: 2F 2-2: Ball 3-2: Base on Balls Matt Dickson scores Ernesto Hernández to third Edgardo Gonzáles to second | Batting: SHB Arnold Moore | 0-0: Ball 1-0: Foul Ball, location: 2F 1-1: Foul Ball, location: 2F 1-2: Ground out 4-3 (Groundball, 4) | Top of the 3rd over - 1 run, 0 hits, 0 errors, 3 left on base; Scottsdale 1 - Detroit 3 | BOTTOM OF THE 3RD |
---|
Detroit Dirty Snow batting - Pitching for Scottsdale Scorpions : RHP John Robinson | Batting: LHB Luis Salazar | 0-0: Ground out 2-3 (Groundball, 15S) | Batting: RHB Paul Liddle | 0-0: Foul Ball, location: 2F 0-1: Fly out, F9 (Flyball, 9) | Batting: RHB Kelsey Scott | 0-0: Ball 1-0: Ball 2-0: Ball 3-0: Base on Balls | Batting: RHB António Aguilera | 0-0: Swinging Strike 0-1: Ball 1-1: Ball 2-1: Foul Ball, location: 2F 2-2: Foul Ball, location: 2F 2-2: Strikes out looking | Bottom of the 3rd over - 0 runs, 0 hits, 0 errors, 1 left on base; Scottsdale 1 - Detroit 3 | TOP OF THE 4TH |
---|
Scottsdale Scorpions batting - Pitching for Detroit Dirty Snow : RHP Fernando Barrón | Batting: RHB Steve Boyer | 0-0: Ball 1-0: Ball 2-0: SINGLE (Flyball, 7S) | Batting: LHB Tony Ayala | 0-0: Ball 1-0: Ball 2-0: Called Strike 2-1: Foul Ball, location: 2F 2-2: Ball 3-2: Base on Balls Steve Boyer to second | Pitching: RHP Keith Heffner | | Batting: RHB Ronald Smith | 0-0: Fly out, F7 (Line Drive, 7S) | Batting: RHB Matt Dickson | 0-0: Foul Ball, location: 2F 0-1: Ball 1-1: Ground out 5-3 (Groundball, 56S) Steve Boyer to third Tony Ayala to second | Batting: RHB Bob Jones | 0-0: Ball 1-0: Called Strike 1-1: DOUBLE (Line Drive, 7LD) Steve Boyer scores Tony Ayala scores | Batting: LHB Ernesto Hernández | 0-0: Swinging Strike 0-1: Foul Ball, location: 2F 0-2: Strikes out swinging | Top of the 4th over - 2 runs, 2 hits, 0 errors, 1 left on base; Scottsdale 3 - Detroit 3 | BOTTOM OF THE 4TH |
---|
Detroit Dirty Snow batting - Pitching for Scottsdale Scorpions : RHP John Robinson | Batting: RHB Manuel Flores | 0-0: Ball 1-0: Called Strike 1-1: Ball 2-1: Called Strike 2-2: Foul Ball, location: 2F 2-2: Fly out, F9 (Flyball, 89D) | Batting: RHB Albert Cortéz | 0-0: Ball 1-0: Foul Ball, location: 2F 1-1: Ball 2-1: Foul Ball, location: 2F 2-2: Foul Ball, location: 2F 2-2: Foul Ball, location: 2F 2-2: SINGLE (Line Drive, 56) | Batting: RHB Carlos Salas | 0-0: Ball 1-0: Called Strike 1-1: Ball 2-1: Foul Ball, location: 2F 2-2: Foul Ball, location: 2F 2-2: Strikes out swinging | Batting: LHB Francisco Medina | 0-0: Called Strike 0-1: Called Strike 0-2: Fly out, F8 (Line Drive, 8RD) | Bottom of the 4th over - 0 runs, 1 hit, 0 errors, 1 left on base; Scottsdale 3 - Detroit 3 | TOP OF THE 5TH |
---|
Scottsdale Scorpions batting - Pitching for Detroit Dirty Snow : RHP Keith Heffner | Batting: RHB Edgardo Gonzáles | 0-0: Ball 1-0: Ball 2-0: SINGLE (Line Drive, 78S) | Batting: LHB Pedro Díaz | 0-0: Ball 1-0: Ball 2-0: Ball 3-0: Called Strike 3-1: SINGLE (Groundball, 5D) Edgardo Gonzáles to second | Batting: SHB Arnold Moore | 0-0: Swinging Strike 0-1: Foul Ball, location: 2F 0-2: Ball 1-2: Ball 2-2: Strikes out swinging | Batting: RHB Steve Boyer | 0-0: Ball 1-0: Foul Ball, location: 2F 1-1: Ball 2-1: Swinging Strike 2-2: Ball 3-2: Foul Ball, location: 2F 3-2: Foul Ball, location: 2F 3-2: Base on Balls Edgardo Gonzáles to third Pedro Díaz to second | Batting: LHB Tony Ayala | 0-0: Fielders Choice at 2nd, 6-4 (Groundball, 56) Edgardo Gonzáles scores Pedro Díaz to third | Batting: RHB Ronald Smith | 0-0: Ball 1-0: Ground out 4-3 (Groundball, 34) | Top of the 5th over - 1 run, 2 hits, 0 errors, 2 left on base; Scottsdale 4 - Detroit 3 | BOTTOM OF THE 5TH |
---|
Detroit Dirty Snow batting - Pitching for Scottsdale Scorpions : RHP John Robinson | Batting: RHB Guo-liang Lian | 0-0: Ball 1-0: Ball 2-0: Ball 3-0: Base on Balls | Batting: LHB Luis Salazar | 0-0: Ball 1-0: Swinging Strike 1-1: Ball 2-1: Called Strike 2-2: Hit by Pitch Guo-liang Lian to second | Batting: RHB Paul Liddle | 0-0: Called Strike 0-1: Ball 1-1: Ball 2-1: Called Strike 2-2: Fly out, F8 (Flyball, 8RS) | Pitching: RHP José Alvarado | | Batting: RHB Kelsey Scott | 0-0: Ball 1-0: Ball Guo-liang Lian steals 3rd base Luis Salazar to second 2-0: Foul Ball, location: 2F 2-1: Ball 3-1: Base on Balls | Batting: RHB António Aguilera | 0-0: Called Strike 0-1: Called Strike 0-2: Ball 1-2: Ball 2-2: Strikes out swinging | Batting: RHB Manuel Flores | 0-0: TRIPLE (Flyball, 78XD) Guo-liang Lian scores Luis Salazar scores Kelsey Scott scores | Batting: RHB Albert Cortéz | 0-0: Foul Ball, location: 2F 0-1: Called Strike 0-2: Ball 1-2: Foul Ball, location: 2F 1-2: Ball 2-2: Ball 3-2: Strikes out swinging | Bottom of the 5th over - 3 runs, 1 hit, 0 errors, 1 left on base; Scottsdale 4 - Detroit 6 | TOP OF THE 6TH |
---|
Scottsdale Scorpions batting - Pitching for Detroit Dirty Snow : RHP Keith Heffner | Batting: RHB Matt Dickson | 0-0: Ball 1-0: Called Strike 1-1: Ball 2-1: Swinging Strike 2-2: SINGLE (Line Drive, 6MD) | Batting: RHB Bob Jones | 0-0: Foul Ball, location: 2F 0-1: Swinging Strike 0-2: Ball 1-2: Strikes out swinging | Batting: LHB Ernesto Hernández | 0-0: Called Strike 0-1: Ball 1-1: Ball 2-1: Fly out, F8 (Flyball, 8LS) | Batting: RHB Edgardo Gonzáles | 0-0: Ball 1-0: Foul Ball, location: 2F 1-1: Ball 2-1: Called Strike 2-2: Strikes out swinging | Top of the 6th over - 0 runs, 1 hit, 0 errors, 1 left on base; Scottsdale 4 - Detroit 6 | BOTTOM OF THE 6TH |
---|
Detroit Dirty Snow batting - Pitching for Scottsdale Scorpions : RHP José Alvarado | Batting: RHB Carlos Salas | 0-0: Called Strike 0-1: Ground out 4-3 (Groundball, 4) | Batting: LHB Francisco Medina | 0-0: Ground out 4-3 (Groundball, 4) | Batting: RHB Guo-liang Lian | 0-0: Ball 1-0: Ground out 5-3 (Groundball, 56) | Bottom of the 6th over - 0 runs, 0 hits, 0 errors, 0 left on base; Scottsdale 4 - Detroit 6 | TOP OF THE 7TH |
---|
Scottsdale Scorpions batting - Pitching for Detroit Dirty Snow : RHP Keith Heffner | Pitching: LHP Sancho Espinoza | | Batting: LHB Pedro Díaz | 0-0: Called Strike 0-1: Swinging Strike 0-2: Ball 1-2: Strikes out swinging | Batting: SHB Arnold Moore | 0-0: Foul Ball, location: 2F 0-1: Ball 1-1: Foul Ball, location: 2F 1-2: Ball 2-2: Ball 3-2: SINGLE (Line Drive, 34D) | Batting: RHB Steve Boyer | 0-0: Fly out, F4 (Popup, 4) | Batting: LHB Tony Ayala | 0-0: Ball 1-0: Ball 2-0: SINGLE (Groundball, 2L) (infield hit) Arnold Moore to second | Batting: RHB Ronald Smith | 0-0: Foul Ball, location: 2F 0-1: Ball 1-1: Swinging Strike 1-2: Fly out, F8 (Flyball, 8LS) | Top of the 7th over - 0 runs, 2 hits, 0 errors, 2 left on base; Scottsdale 4 - Detroit 6 | BOTTOM OF THE 7TH |
---|
Detroit Dirty Snow batting - Pitching for Scottsdale Scorpions : RHP José Alvarado | Batting: LHB Luis Salazar | 0-0: Ball 1-0: Ball 2-0: Ball 3-0: Base on Balls | Batting: RHB Paul Liddle | 0-0: Ball 1-0: Foul Ball, location: 2F 1-1: Swinging Strike 1-2: Foul Ball, location: 2F 1-2: Ball 2-2: SINGLE (Line Drive, 6MD) Luis Salazar to second | Batting: RHB Kelsey Scott | 0-0: Ball 1-0: Ball 2-0: Foul Ball, location: 2F 2-1: Ball 3-1: Foul Ball, location: 2F 3-2: DOUBLE (Line Drive, 9LS) Luis Salazar scores Paul Liddle to third | Pitching: RHP Jorge Chávez | | Batting: RHB António Aguilera | 0-0: Ball 1-0: Swinging Strike 1-1: Swinging Strike 1-2: Strikes out swinging | Batting: RHB Manuel Flores | 0-0: Intentional Walk | Batting: RHB Albert Cortéz | 0-0: Called Strike 0-1: Foul Ball, location: 2F 0-2: Foul Ball, location: 2F 0-2: Ball 1-2: Strikes out swinging | Batting: RHB Carlos Salas | 0-0: Foul Ball, location: 2F 0-1: Swinging Strike 0-2: Fielders Choice at 2nd, 6-4 (Groundball, 56) | Bottom of the 7th over - 1 run, 2 hits, 0 errors, 3 left on base; Scottsdale 4 - Detroit 7 | TOP OF THE 8TH |
---|
Scottsdale Scorpions batting - Pitching for Detroit Dirty Snow : LHP Sancho Espinoza | Batting: RHB Matt Dickson | 0-0: Foul Ball, location: 2F 0-1: Fly out, F6 (Line Drive, 6M) | Batting: RHB Bob Jones | 0-0: Ball 1-0: Ball 2-0: Ball 3-0: Called Strike 3-1: Base on Balls | Batting: LHB Ernesto Hernández | 0-0: Ball 1-0: Called Strike 1-1: Foul Ball, location: 2F 1-2: Fly out, F5 (Line Drive, 5S) | Batting: RHB Edgardo Gonzáles | 0-0: Ball 1-0: DOUBLE (Flyball, 7LD) Bob Jones to third | Batting: LHB Pedro Díaz | 0-0: Foul Ball, location: 2F 0-1: Ball 1-1: Foul Ball, location: 2F 1-2: Ball 2-2: Ball 3-2: Foul Ball, location: 2F 3-2: Strikes out swinging | Top of the 8th over - 0 runs, 1 hit, 0 errors, 2 left on base; Scottsdale 4 - Detroit 7 | BOTTOM OF THE 8TH |
---|
Detroit Dirty Snow batting - Pitching for Scottsdale Scorpions : RHP Jorge Chávez | Batting: LHB Francisco Medina | 0-0: Ball 1-0: Ground out 4-3 (Groundball, 4) | Batting: RHB Guo-liang Lian | 0-0: Ball 1-0: Ball 2-0: Called Strike 2-1: Ball 3-1: DOUBLE (Line Drive, 7D) | Batting: LHB Luis Salazar | 0-0: Ball 1-0: Swinging Strike 1-1: Swinging Strike 1-2: Ball 2-2: Ball 3-2: Base on Balls | Batting: RHB Paul Liddle | 0-0: Called Strike Guo-liang Lian is caught stealing 3rd base Luis Salazar to second 0-1: Called Strike 0-2: Ball 1-2: Ball 2-2: Strikes out swinging | Bottom of the 8th over - 0 runs, 1 hit, 0 errors, 1 left on base; Scottsdale 4 - Detroit 7 | TOP OF THE 9TH |
---|
Scottsdale Scorpions batting - Pitching for Detroit Dirty Snow : LHP Sancho Espinoza | Batting: SHB Arnold Moore | 0-0: Foul Ball, location: 2F 0-1: Ball 1-1: Ground out 4-3 (Groundball, 4) | Batting: RHB Steve Boyer | 0-0: Foul Ball, location: 2F 0-1: Ball 1-1: Foul Ball, location: 2F 1-2: Strikes out swinging | Batting: LHB Tony Ayala | 0-0: Ball 1-0: Foul Ball, location: 2F 1-1: Ground out 6-3 (Groundball, 56) | Top of the 9th over - 0 runs, 0 hits, 0 errors, 0 left on base; Scottsdale 4 - Detroit 7 | |